 Dungeon Crawl Stone Soup version 0.30.1-3-gfc49f6343a (webtiles) character file.

Game seed: 14096020205030838219

14572 arthad the Spear-Bearer (level 12, -5/100 HPs)
             Began as a Merfolk Gladiator on July 30, 2023.
             Was an Initiate of Gozag.
             Slain by a skeletal warrior
             ... wielding a +0 battleaxe
              (20 damage)
             ... on level 10 of the Dungeon.
             The game lasted 00:37:19 (10542 turns).

arthad the Spear-Bearer (Merfolk Gladiator)        Turns: 10542, Time: 00:37:20

Health: -5/100     AC: 13    Str: 16    XL:     12   Next: 17%
Magic:  21/21      EV: 18    Int: 11    God:    Gozag
Gold:   2143       SH:  0    Dex: 21    Spells: 11/11 levels left

rFire   . . .        f - +4 trident
rCold   . . .        (no shield)
rNeg    . . .        H - +2 scale mail of the Supporting Gods {rPois Str-3 Dex+6 SInv}
rPois   +            b - +0 helmet {Int+3}
rElec   .            D - +0 cloak
rCorr   .            (no gloves)
SInv    +            k - +0 pair of boots
Will    +....        y - amulet of regeneration Stlth
                     T - ring of willpower
HPRegen 1.16/turn    X - ring of magical power
MPRegen 0.17/turn

%: no passive effects
@: mighty, studying Ranged Weapons
A: (nimble swimmer 2), mertail
a: Renounce Religion, Potion Petition, Call Merchant, Bribe Branch


You were on level 10 of the Dungeon.
You worshipped Gozag.
Gozag was most pleased with you.
You visited 1 branch of the dungeon, and saw 11 of its levels.
You also visited: Sewer, Ossuary and Bailey.

You collected 2605 gold pieces.
You spent 453 gold pieces at shops.
You paid 9 gold pieces to Gozag.

Inventory:

Hand Weapons
 f - a +4 trident (weapon)
 N - a +0 glaive
 O - a +0 halberd
Missiles
 e - 8 javelins
 h - 29 poisoned darts (quivered)
 F - 9 boomerangs
 L - 2 curare-tipped darts
 Z - a silver boomerang
Armour
 b - a +0 helmet of intelligence (worn)
 k - a +0 pair of boots (worn)
 D - a +0 cloak (worn)
 H - the +2 scale mail of the Supporting Gods (worn) {rPois Str-3 Dex+6 SInv}
   (You found it on level 5 of the Dungeon)

   Str:       It affects your strength (-3).
   Dex:       It affects your dexterity (+6).
   rPois:     It protects you from poison.
   SInv:      It lets you see invisible.
 Q - a +1 helmet
 S - the +3 salamander hide armour {Flames, rFlCloud rF++ rC--}
   (You found it in a bailey)

   Flames:    It surrounds you with flame clouds and enhances your fire magic.
   rFlCloud:  It grants immunity to flame clouds.
   rF:        It greatly protects you from fire.
   rC:        It makes you very vulnerable to cold.
Jewellery
 y - an amulet of regeneration (around neck)
 I - an amulet of reflection
 T - a ring of willpower (left hand)
 X - a ring of magical power (right hand)
Wands
 K - a wand of flame (28)
 W - a wand of charming (4)
 Y - a wand of light (7)
Scrolls
 d - a scroll of identify
 l - 6 scrolls of enchant weapon
 p - 2 scrolls of blinking
 q - 3 scrolls of amnesia
 u - 2 scrolls of immolation
 v - 2 scrolls of poison
 w - 7 scrolls of teleportation
 A - 2 scrolls of enchant armour
 C - 2 scrolls of brand weapon
 U - a scroll of magic mapping
Potions
 j - 7 potions of curing
 m - 3 potions of might
 n - 2 potions of ambrosia {unknown}
 o - 3 potions of degeneration {unknown}
 s - 2 potions of magic
 t - a potion of invisibility {unknown}
 x - a potion of haste
 z - 4 potions of mutation {unknown}
 B - 2 potions of attraction {unknown}
 E - 4 potions of lignification {unknown}
 J - 4 potions of cancellation {unknown}
 M - a potion of brilliance
 P - 2 potions of flight
 V - a potion of resistance {unknown}
Miscellaneous
 a - a piece from Xom's chessboard (15/15)
 c - a tin of tremorstones (2/2)
 i - a lightning rod (4/4)
 r - a phial of floods
 R - a phantom mirror


   Skills:
 * Level 11.0 Fighting
 * Level 13.3 Polearms
 + Level 7.1 Throwing
 + Level 5.0 Armour
 * Level 13.2 Dodging


You had 11 spell levels left.
You didn't know any spells.
Your spell library contained the following spells:

 Spells                   Type           Power      Damage    Failure   Level
 Kiss of Death            Conj/Necr      0%         2d5       75%         1
 Ensorcelled Hibernation  Hex/Ice        0%         N/A       87%         2
 Passwall                 Tmut/Erth      0%         N/A       87%         2
 Confusing Touch          Hex            0%         N/A       98%         3
 Ozocubu's Armour         Ice            0%         N/A       98%         3
 Swiftness                Air            0%         N/A       98%         3
 Dispel Undead            Necr           0%         3d6       100%        4
 Ozocubu's Refrigeration  Ice            0%         4d7       100%        7


Dungeon Overview and Level Annotations

Branches:
Dungeon (11/15)            Temple (0/1) D:6           Sewer (visited)
Ossuary (visited)          Bailey (visited)
   Lair: D:8-11         Orc: D:9-12

Altars:
Cheibriados
Elyvilon
Gozag
Makhleb
Okawaru
Ru
Vehumet

Shops:
D:4 ?   D:5 (   D:8 (!(


Innate Abilities, Weirdness & Mutations

((You are very nimble when in or above water. (Stealth+, EV+, Speed+++)))
Your lower body shifts to a powerful aquatic tail in water.


Message History

You hit the skeletal warrior.
The skeletal warrior is heavily damaged.
The skeletal warrior hits you with a +0 battleaxe!
You are too injured to fight recklessly!
You are too injured to fight recklessly!
You are too injured to fight recklessly!
You are too injured to fight recklessly!
You are too injured to fight recklessly!
You are too injured to fight recklessly!
You are too injured to fight recklessly!
You are too injured to fight recklessly!
You are too injured to fight recklessly!
You are too injured to fight recklessly!
You are too injured to fight recklessly!
You are too injured to fight recklessly!
You are too injured to fight recklessly!
You are too injured to fight recklessly!
You are too injured to fight recklessly!
You are too injured to fight recklessly!
You are too injured to fight recklessly!
You are too injured to fight recklessly!
You are too injured to fight recklessly!
You are too injured to fight recklessly!
You feel very mighty all of a sudden.
The skeletal warrior hits you with a +0 battleaxe!!
* * * LOW HITPOINT WARNING * * *
You are too injured to fight recklessly!
You are too injured to fight recklessly!
You feel much better. The skeletal warrior barely misses you.
You hit the skeletal warrior but do no damage.
The skeletal warrior is heavily damaged.
You barely miss the skeletal warrior.
The skeletal warrior is heavily damaged.
The skeletal warrior hits you with a +0 battleaxe!!
* * * LOW HITPOINT WARNING * * *
You hit the skeletal warrior.
The skeletal warrior is heavily damaged.
The skeletal warrior hits you with a +0 battleaxe!!
You die...
Your body crumbles into a pile of gold.

##...........# ##
#...........# ###.
##.........## ##...
##..#####.# #....
#####.....).######....
##...#.######..........
##....)[..#########.....
##.....z.....# ###...
#.....[[@...## ##..
##...........# ##.
#...........## ##
#...........#
#...........#
#..........##
#..........#
#.........## #
#........## #


You could see a skeletal warrior.

Vanquished Creatures
  Erolcha (D:9)
  A centaur warrior (D:10)
  4 two-headed ogres
  A deep elf archer (D:9)
  An orc knight (Bailey)
  A deep elf zephyrmancer (Bailey)
  A wolf spider (D:9)
  A hornet (D:7)
  Prince Ribbit (D:7)
  14 yaks
  2 wyverns
  A wraith (D:7)
  6 vampire mosquitoes
  A steam dragon (D:9)
  Menkaure (D:4)
  2 acid dragons
  A water moccasin (D:7)
  4 black bears
  An ice beast (D:7)
  7 orc warriors
  4 ogres
  2 centaurs
  A phantom (D:4)
  4 kobold brigands
  6 bullfrogs
  13 scorpions (Ossuary)
  An elf skeleton (D:8)
  4 wights (D:9)
  5 killer bees (D:9)
  3 centaur zombies (Ossuary)
  4 howler monkeys
  4 orc priests
  3 jellies
  2 gnoll boudas
  4 iguanas
  A sleepcap (D:6)
  7 scorpion zombies (Ossuary)
  14 orc wizards
  3 mummies (Ossuary)
  14 gnolls
  8 adders
  A shadow imp (D:5)
  A white imp (D:5)
  4 worms
  3 dart slugs
  40 orcs
  11 bats
  5 endoplasms
  6 giant cockroaches
  19 goblins
  7 hobgoblins
  12 jackals
  4 quokkas
  3 ball pythons
  6 frilled lizards
  2 goblin zombies (Ossuary)
  4 hobgoblin zombies (Ossuary)
  21 kobolds
  2 kobold zombies (Ossuary)
  3 orc skeletons (D:8)
  2 orc zombies
  7 rats
322 creatures vanquished.

Vanquished Creatures (collateral kills)
  An orc skeleton (D:8)
1 creature vanquished.

Grand Total: 323 creatures vanquished

Notes
Turn   | Place    | Note
-------+----------+-------------------------------------------
     0 | D:1      | arthad the Merfolk Gladiator began the quest for the Orb.
     0 | D:1      | Reached XP level 1. HP: 16/16 MP: 1/1
    81 | D:1      | Reached XP level 2. HP: 16/23 MP: 2/2
   299 | D:1      | Reached XP level 3. HP: 28/28 MP: 3/3
   927 | D:2      | Found an opulent altar of Gozag.
   958 | D:2      | Became a worshipper of Gozag Ym Sagoz the Greedy
   983 | D:2      | Reached XP level 4. HP: 21/35 MP: 4/4
  1385 | D:3      | Reached skill level 5 in Polearms
  1470 | D:3      | Found a glowing drain.
  1484 | Sewer    | Entered a sewer
  1520 | Sewer    | Noticed a kobold brigand
  1520 | Sewer    | Noticed a kobold brigand
  1543 | Sewer    | Killed a kobold brigand
  1544 | Sewer    | Reached skill level 1 in Armour
  1544 | Sewer    | Reached skill level 5 in Dodging
  1544 | Sewer    | Reached XP level 5. HP: 17/41 MP: 5/5
  1548 | Sewer    | Killed a kobold brigand
  1549 | Sewer    | Reached XP level 6. HP: 17/48 MP: 6/6
  2212 | D:3      | Found a faded altar of an unknown god.
  3125 | D:4      | Found Zirusk's Magic Scroll Shop.
  3135 | D:4      | Bought a scroll of teleportation for 33 gold pieces
  3135 | D:4      | Bought a scroll of enchant armour for 82 gold pieces
  3135 | D:4      | Bought a scroll of brand weapon for 104 gold pieces
  3236 | D:4      | Reached XP level 7. HP: 55/55 MP: 7/7
  3439 | D:4      | Noticed Menkaure
  3453 | D:4      | Killed Menkaure
  3454 | D:4      | Reached skill level 5 in Fighting
  3514 | D:4      | Found a sacrificial altar of Ru.
  3515 | D:4      | Found a white marble altar of Elyvilon.
  3810 | D:4      | Reached XP level 8. HP: 50/62 MP: 8/8
  4106 | D:5      | Entered Level 5 of the Dungeon
  4278 | D:5      | Found Koppawko's Antique Weapon Shop.
  4300 | D:5      | Found a radiant altar of Vehumet.
  4354 | D:5      | Identified the +2 scale mail of the Supporting Gods {rPois
                  | Str-3 Dex+6 SInv}
  4716 | D:6      | Found a staircase to the Ecumenical Temple.
  4730 | D:6      | Noticed a two-headed ogre
  4771 | D:6      | Killed a two-headed ogre
  4772 | D:6      | Reached XP level 9. HP: 71/71 MP: 9/9
  5675 | D:7      | Reached skill level 5 in Throwing
  5868 | D:7      | Noticed Prince Ribbit
  5883 | D:7      | Killed Prince Ribbit
  5938 | D:7      | Noticed a hornet
  5942 | D:7      | Reached skill level 10 in Polearms
  5942 | D:7      | Reached XP level 10. HP: 76/80 MP: 10/10
  5986 | D:7      | Reached skill level 10 in Dodging
  6247 | D:8      | Found a flagged portal.
  6264 | Bailey   | Entered a bailey
  6371 | Bailey   | Found a large runed translucent door.
  6371 | Bailey   | Found a large runed translucent door.
  6372 | Bailey   | Noticed a deep elf zephyrmancer
  6372 | Bailey   | Noticed an orc knight
  6410 | Bailey   | Killed an orc knight
  6436 | Bailey   | Found the +3 salamander hide armour {Flames, rFlCloud rF++
                  | rC--}
  6571 | Bailey   | Killed a deep elf zephyrmancer
  6679 | D:8      | Found a sand-covered staircase.
  6687 | Ossuary  | Entered an ossuary
  7360 | D:8      | Found Extadwuv's Antique Weapon Emporium.
  7564 | D:8      | Reached XP level 11. HP: 71/89 MP: 11/11
  7632 | D:8      | Found Jufuronk's Weapon Emporium.
  7669 | D:8      | Found Quaqysob's Distillery.
  7685 | D:8      | Bought a potion of haste for 130 gold pieces
  7685 | D:8      | Bought a potion of magic for 104 gold pieces
  7689 | D:8      | Found a burning altar of Makhleb.
  7977 | D:8      | Found a snail-covered altar of Cheibriados.
  8501 | D:9      | Noticed a two-headed ogre
  8514 | D:9      | Killed a two-headed ogre
  8756 | D:9      | Reached skill level 10 in Fighting
  8823 | D:9      | Found an iron altar of Okawaru.
  8832 | D:9      | Noticed Erolcha
  8843 | D:9      | Killed Erolcha
  8963 | D:9      | Noticed a wolf spider
  8964 | D:9      | Noticed a deep elf archer
  8970 | D:9      | Killed a wolf spider
  9005 | D:9      | Killed a deep elf archer
  9383 | D:10     | Entered Level 10 of the Dungeon
  9383 | D:10     | Noticed a two-headed ogre
  9395 | D:10     | Killed a two-headed ogre
  9732 | D:10     | Noticed a two-headed ogre
  9743 | D:10     | Killed a two-headed ogre
  9744 | D:10     | Reached XP level 12. HP: 99/99 MP: 12/12
 10009 | D:10     | Noticed a centaur warrior
 10040 | D:10     | Killed a centaur warrior
 10041 | D:10     | Reached skill level 5 in Armour
 10519 | D:11     | Noticed a two-headed ogre
 10542 | D:10     | Slain by a skeletal warrior

Illustrated notes

Levels and vault maps discovered:
D:1:      lightli_molten_gateway, layout_loops_ring, serial_bayou_ford_a
D:2:      layout_basic, basic_altar
D:3:      layout_basic, ebering_ecumenical_altar_sacrificial,
          portal_sewer_entry_d
D:4:      layout_gridville, nicolae_overflow_squiral, serial_shops,
          nicolae_diamond_shop, minmay_ogre_servants, uniq_menkaure
D:5:      layout_basic, lemuel_doored_altar, serial_shops, nicolae_diamond_shop
D:6:      layout_rooms, temple_pool_b
D:7:      layout_loops_ring, uniq_prince_ribbit1
D:8:      layout_loops_corners, mainiacjoe_overflow_alcove_1,
          nicolae_overflow_hidden_temple, serial_shops, shop, shop,
          nicolae_shop_bloodbath_and_beyond, enter_bailey_3,
          nicolae_ossuary_entry_catacombs
D:9:      minmay_the_grid_four_pointed_star
          [minmay_the_grid_triangle_9x9_windchime,
          minmay_the_grid_triangle_9x9_descending_squares,
          minmay_the_grid_triangle_9x9_zippers_vertical,
          minmay_the_grid_triangle_9x9_sparse_checkered,
          minmay_the_grid_prize_diamond_cup], layout_loops_ring,
          okawaru_trees_2, kennysheep_dice, uniq_erolcha
D:10:     layout_cave_pods
D:11:     layout_roguey, david_lair_shrubbed, portal_ice_cave_demonic_guard,
          uniq_gastronok

Skill      XL: |  1  2  3  4  5  6  7  8  9 10 11 12 |
---------------+-------------------------------------+-----
Fighting       | 3 4 5 6 7 9 10 11 | 11.0
Polearms       | 5 6 7 8 10 11 13 | 13.3
Armour         | 1 2 3 4 5 |  5.0
Dodging        | 5 6 8 9 11 12 13 | 13.2
Throwing       | 3 4 5 6 7 |  7.1

Action                     |  1- 3 |  4- 6 |  7- 9 | 10-12 || total
---------------------------+-------+-------+-------+-------++-------
  Melee: Trident           |   113 |   193 |   398 |   705 ||  1409
         Tailslap          |       |     5 |     4 |       ||     9
         Punch             |       |     1 |     6 |     4 ||    11
         Halberd           |       |       |    17 |    68 ||    85
  Throw: Dart              |       |     5 |    37 |    46 ||    88
         Throwing net      |       |     1 |     2 |     4 ||     7
         Boomerang         |       |       |    18 |    23 ||    41
         Javelin           |       |       |       |    21 ||    21
    Use: Potion            |       |     3 |     1 |     8 ||    12
         Scroll            |       |       |       |    11 ||    11
   Stab: Sleeping          |     1 |     6 |     2 |     1 ||    10
         Distracted        |       |       |     1 |     2 ||     3
         Held in net/web   |       |       |     1 |     2 ||     3
 Armour: Leather armour    |    29 |    36 |    41 |       ||   106
         Scale mail        |       |       |    32 |   166 ||   198
  Dodge: Dodged            |    75 |   106 |   223 |   481 ||   885
